 Dungeon Crawl Stone Soup version 0.25.1-1-g288607f5aa (webtiles) character file.

Game seed: 12393833370926838484

29554 Curus the Warrior (level 13, -10/189 HPs)
             Began as a Minotaur Berserker on July 24, 2020.
             Was an Elder of Trog.
             Mangled by a minotaur
             ... wielding a +0 short sword of protection
              (13 damage)
             ... in a Gauntlet.
             The game lasted 01:18:53 (17115 turns).

Curus the Warrior (Minotaur Berserker)             Turns: 17115, Time: 01:18:54

Health: -10/189    AC: 20    Str: 23    XL:     13   Next: 15%
Magic:  0/15       EV:  8    Int: 10    God:    Trog [****..]
Gold:   742        SH:  6    Dex:  9    Spells: 12/12 levels left

rFire    + . .     SeeInvis .   B - +4 trident (freeze)
rCold    + + .     Gourm    .   A - +2 buckler {rPois}
rNeg     . . .     Faith    .   r - +0 plate armour
rPois    +         Spirit   +   Q - +2 hat {Int+3}
rElec    .         Reflect  .   (no cloak)
rCorr    .         Harm     .   (no gloves)
MR       .....     NoTele   +   (no boots)
Stlth    ..........             H - amulet of guardian spirit
HPRegen  0.41/turn              S - ring of protection from cold
MPRegen  0.14/turn              R - ring of protection from fire

@: berserking, very quick
A: retaliatory headbutt, horns 2, icy blue scales 1, clumsy 1, cold resistance
1, sense surroundings 1, evolution 1
a: Berserk, Trog's Hand, Brothers in Arms, Renounce Religion


You were in a Gauntlet.
You worshipped Trog.
Trog was greatly pleased with you.
You were hungry.

You visited 2 branches of the dungeon, and saw 14 of its levels.
You also visited: Gauntlet.

You collected 742 gold pieces.

Inventory:

Hand Weapons
 a - a +2 spear of venom
 z - a +0 trident
 B - a +4 trident of freezing (weapon)
 E - a +0 glaive of flaming
Armour
 b - a +0 animal skin
 e - a +0 leather armour
 f - a +2 chain mail
 r - a +0 plate armour (worn)
 A - a +2 buckler of poison resistance (worn)
 F - a +1 hat
 Q - a +2 hat of intelligence (worn)
 T - the -5 pair of boots "Xuocil" {-Cast Str+4 Int+5}
   (You found it in a Gauntlet)

   It affects your strength (+4).
   It affects your intelligence (+5).
   It prevents spellcasting.
Jewellery
 j - an uncursed amulet of magic regeneration
 m - an uncursed amulet of inaccuracy
 n - an uncursed ring of see invisible
 s - an uncursed amulet of faith
 u - an uncursed ring of teleportation
 D - the ring of Traps {Ice Str+5}
   (You found it on level 9 of the Dungeon)

   [ring of ice]

   It enhances your ice magic.
   It affects your strength (+5).
   It makes you vulnerable to fire.
   It protects you from cold.
 H - an amulet of guardian spirit (around neck)
 I - an uncursed ring of wizardry
 O - an uncursed ring of magical power
 P - an uncursed amulet of the acrobat
 R - a ring of protection from fire (right hand)
 S - a ring of protection from cold (left hand)
Wands
 o - a wand of random effects (8)
 t - a wand of flame (26)
 y - a wand of acid (24)
 G - a wand of enslavement (10)
 J - a wand of clouds (4)
 M - a wand of polymorph (9)
Scrolls
 d - 8 scrolls of identify
 g - a scroll of fear
 v - 2 scrolls of teleportation
 C - a scroll of enchant weapon
 K - a scroll of remove curse
 L - a scroll of blinking
 N - 2 scrolls of brand weapon
Potions
 h - 2 potions of cancellation
 i - 4 potions of brilliance
 k - a potion of might
 l - 2 potions of flight
 p - a potion of mutation
 q - 3 potions of curing
 w - a potion of haste
 x - a potion of heal wounds
Comestibles
 c - 26 rations


   Skills:
 + Level 15.1 Fighting
 - Level 14.0 Polearms
 + Level 14.9 Armour
 - Level 2.1 Dodging
 - Level 4.0 Shields
 - Level 4.4 Evocations


You had 12 spell levels left.
You didn't know any spells.
Your spell library was empty.

Dungeon Overview and Level Annotations

Branches:
Dungeon (10/15)            Temple (0/1) D:5            Lair (4/6) D:10
  Swamp (0/4) Lair:2       Spider (0/4) Lair:3          Orc (0/2) D:9
Gauntlet (1/1)

Altars:
Ashenzari
Fedhas
Kikubaaqudgha
Nemelex Xobeh
Okawaru
Qazlal
Ru
Sif Muna
Trog
Uskayaw
Xom
Yredelemnul
Zin
The Shining One

Shops:
D:5 [   D:9 [[

Annotations:
D:8 2 runed translucent doors
Lair:2 exclusion: 2 oklob plants Gauntlet 8 transporters, 1 runed translucent door


Innate Abilities, Weirdness & Mutations

You reflexively headbutt those who attack you in melee.
You have a pair of horns on your head.
You are partially covered in icy blue scales. (AC +2)
You are clumsy. (Dex -2)
Your flesh is cold resistant. (rC+)
You passively map a small area around you.
You evolve.


Message History

You puncture the minotaur! You freeze the minotaur.
The minotaur is heavily wounded.
You puncture the minotaur! You freeze the minotaur.
You headbutt the minotaur, but do no damage.
The minotaur is heavily wounded.
You completely miss the minotaur.
The minotaur furiously retaliates!
The minotaur headbutts you, but does no damage.
You headbutt the minotaur, but do no damage.
The minotaur is heavily wounded.
The minotaur hits you with a +0 short sword of protection.
* * * LOW HITPOINT WARNING * * *
The minotaur gores you but does no damage.
You hit the minotaur. You freeze the minotaur. You headbutt the minotaur.
The minotaur is severely wounded.
You hit the minotaur but do no damage.
The minotaur is severely wounded.
The minotaur hits you with a +0 short sword of protection!!
* * * LOW HITPOINT WARNING * * *
The minotaur gores you!
You die...

#.#)#..≈# .##s#.§##
#Zs##..≈##########
#####..###.##....#
.......##.(##.##.#
#####..#......##.#
....#..#...##.##.# **
###.#.8#.©.##..(.#
.≈#.#..#...##.##@#
©≈#©#.∩#.©....##.H...∩≈#
.≈#.#..#...##.##.#.#.≈≈#
###.#.8#.©.##....#.# ≈#
....#..#...##.##.#*# *
#####..#......##.#
.......##..##.##.#
#####..###.##....#
zzzz#..≈#### ##


You could see a minotaur.

Vanquished Creatures
  Gastronok (D:10)
  Snorg (D:10)
  Erolcha (D:10)
  2 two-headed ogres
  2 tengu warriors
  Urug (Lair:3)
  A fire crab (Gauntlet)
  An unseen horror (D:8)
  A cyclops (D:9)
  4 black mambas
  7 spiny frogs
  A gargoyle (D:10)
  5 komodo dragons
  A kobold demonologist (D:8)
  4 trolls
  3 hippogriffs
  17 blink frogs
  A centaur simulacrum (Gauntlet)
  Sigmund (D:5)
  A wyvern (D:10)
  A spriggan (D:8)
  5 fire bats (Gauntlet)
  2 basilisks (Lair:2)
  9 yaks
  4 hungry ghosts
  Edmund (D:4)
  6 water moccasins
  3 hell hounds (Gauntlet)
  8 porcupines
  5 small abominations (Gauntlet)
  An orc warrior (D:9)
  3 phantoms
  3 ice beasts
  3 sky beasts
  2 black bears (D:10)
  An eye of draining (D:9)
  9 wolves
  3 ogres
  3 centaurs
  A big kobold (D:10)
  11 crocodiles
  19 bullfrogs
  A wyvern skeleton (D:6)
  2 scorpions
  A hornet simulacrum (Gauntlet)
  8 killer bees (D:10)
  2 electric eels
  A howler monkey (D:9)
  A bullfrog zombie (D:9)
  3 crimson imps
  2 centaur zombies
  A quasit (D:10)
  5 orc priests
  4 hounds
  3 jellies
  5 orc wizards
  A bullfrog skeleton (D:9)
  2 centaur skeletons
  Terence (D:2)
  Natasha (thrice) (D:2)
  4 iguanas
  6 worker ants
  A killer bee zombie (D:6)
  A bullfrog simulacrum (Gauntlet)
  2 hound skeletons
  A howler monkey skeleton (D:5)
  2 worker ant zombies
  11 adders
  A shadow imp (D:7)
  4 oozes
  An adder skeleton (D:4)
  3 adder zombies
  2 worms
  5 dart slugs
  4 leopard geckos
  33 orcs
  5 bats
  6 giant cockroaches
  6 goblins
  6 hobgoblins
  7 jackals
  12 kobolds
  3 quokkas
  2 ball pythons
  5 frilled lizards
  A quokka zombie (D:9)
  6 rats
345 creatures vanquished.

Vanquished Creatures (others)
  An orc wizard (D:6)
  46 fungi
  57 plants
104 creatures vanquished.

Grand Total: 449 creatures vanquished

Notes
Turn   | Place    | Note
-------+----------+-------------------------------------------
     0 | D:1      | Curus the Minotaur Berserker began the quest for the Orb.
     0 | D:1      | Reached XP level 1. HP: 19/19 MP: 0/0
   453 | D:1      | Reached XP level 2. HP: 18/26 MP: 1/1
   791 | D:1      | Reached skill level 5 in Polearms
   874 | D:1      | Reached XP level 3. HP: 30/31 MP: 2/2
  1393 | D:2      | Noticed Terence
  1399 | D:2      | Killed Terence
  1399 | D:2      | Reached XP level 4. HP: 38/39 MP: 3/3
  1561 | D:2      | Noticed Natasha
  1570 | D:2      | Killed Natasha
  1767 | D:2      | Noticed Natasha
  1776 | D:2      | Killed Natasha
  1776 | D:2      | Reached ** piety under Trog
  1776 | D:2      | Reached XP level 5. HP: 39/45 MP: 4/4
  1849 | D:2      | Noticed Natasha
  1859 | D:2      | Killed Natasha
  2636 | D:3      | Found a shimmering blue altar of Sif Muna.
  2640 | D:3      | Found a hide-covered altar of Uskayaw.
  2641 | D:3      | Found a stormy altar of Qazlal.
  3176 | D:4      | Found an iron altar of Okawaru.
  3298 | D:4      | Found a sparkling altar of Nemelex Xobeh.
  3321 | D:4      | Reached XP level 6. HP: 51/51 MP: 5/5
  3546 | D:4      | Noticed Edmund
  3584 | D:4      | Killed Edmund
  4146 | D:5      | Entered Level 5 of the Dungeon
  4196 | D:5      | Noticed Sigmund
  4213 | D:5      | Reached XP level 7. HP: 57/57 MP: 6/6
  4223 | D:5      | Killed Sigmund
  4223 | D:5      | Reached skill level 10 in Polearms
  4302 | D:5      | Found a glowing golden altar of the Shining One.
  4338 | D:5      | Reached *** piety under Trog
  4458 | D:5      | Gained mutation: You are clumsy. (Dex -2) [potion of
                  | mutation]
  4458 | D:5      | Gained mutation: You passively map a small area around you.
                  | [potion of mutation]
  4458 | D:5      | Gained mutation: You evolve. [potion of mutation]
  4458 | D:5      | Gained mutation: You are partially covered in icy blue
                  | scales. (AC +2) [potion of mutation]
  4527 | D:5      | Found a bloodstained altar of Trog.
  4677 | D:5      | Found a staircase to the Ecumenical Temple.
  4694 | D:5      | Gained mutation: Your flesh is cold resistant. (rC+)
                  | [evolution]
  4699 | D:5      | Found Kaij's Armour Shoppe.
  5204 | D:6      | Found a shimmering altar of Xom.
  5228 | D:6      | Reached XP level 8. HP: 62/64 MP: 7/7
  6082 | D:7      | Reached **** piety under Trog
  6113 | D:7      | Reached skill level 4 in Fighting
  6314 | D:7      | Noticed a hippogriff
  6329 | D:7      | Killed a hippogriff
  6329 | D:7      | Reached skill level 5 in Fighting
  6434 | D:7      | Found a shattered altar of Ashenzari.
  6488 | D:7      | Reached skill level 5 in Armour
  6527 | D:7      | Reached skill level 6 in Fighting
  6720 | D:7      | Noticed a two-headed ogre
  7021 | D:7      | Found a sacrificial altar of Ru.
  7091 | D:7      | Killed a two-headed ogre
  7091 | D:7      | Reached skill level 7 in Fighting
  7091 | D:7      | Reached XP level 9. HP: 20/79 MP: 8/8
  7505 | D:8      | Found a large runed translucent door.
  7505 | D:8      | Found a large runed translucent door.
  7530 | D:8      | Noticed a tengu warrior
  7572 | D:8      | Killed a tengu warrior
  7572 | D:8      | Reached skill level 8 in Fighting
  7786 | D:8      | Found a basalt altar of Yredelemnul.
  7838 | D:8      | Reached skill level 9 in Fighting
  8000 | D:8      | Found an ancient bone altar of Kikubaaqudgha.
  8000 | D:8      | Found a blossoming altar of Fedhas.
  8257 | D:8      | Found a large runed translucent door.
  8257 | D:8      | Found a large runed translucent door.
  8263 | D:8      | Noticed a kobold demonologist
  8263 | D:8      | Noticed a troll
  8426 | D:8      | Reached XP level 10. HP: 92/92 MP: 9/9
  8678 | D:8      | Noticed an unseen horror
  8689 | D:8      | Killed an unseen horror
  8689 | D:8      | Reached skill level 10 in Fighting
  8895 | D:8      | Reached skill level 10 in Armour
  9300 | D:9      | Noticed a two-headed ogre
  9311 | D:9      | Killed a two-headed ogre
  9311 | D:9      | Reached skill level 11 in Fighting
  9405 | D:9      | Noticed a tengu warrior
  9437 | D:9      | Killed a tengu warrior
  9449 | D:9      | Reached ***** piety under Trog
  9608 | D:9      | Reached skill level 12 in Fighting
  9721 | D:9      | Found Geka's Armour Shoppe.
  9808 | D:9      | Reached XP level 11. HP: 61/104 MP: 10/10
  9969 | D:9      | Found Zoffo's Antique Armour Shoppe.
 10041 | D:9      | Found a staircase to the Orcish Mines.
 10154 | D:9      | Gained mutation: You tend to lose your temper in combat.
                  | [evolution]
 10331 | D:9      | Got a flickering steel ring
 10332 | D:9      | Identified the ring of Traps {Ice Str+5} (You found it on
                  | level 9 of the Dungeon)
 10713 | D:10     | Entered Level 10 of the Dungeon
 10790 | D:10     | Noticed Snorg
 10800 | D:10     | Killed Snorg
 10997 | D:10     | Found a staircase to the Lair.
 11001 | D:10     | Noticed Erolcha
 11015 | D:10     | Reached skill level 13 in Fighting
 11039 | D:10     | Killed Erolcha
 11050 | D:10     | Received a gift from Trog
 11384 | D:10     | Noticed Gastronok
 11420 | D:10     | Killed Gastronok
 11420 | D:10     | Reached skill level 14 in Fighting
 11483 | D:10     | Identified a scroll of acquirement
 11483 | D:10     | Acquired an uncursed amulet of guardian spirit
 11554 | Lair:1   | Entered Level 1 of the Lair of Beasts
 11742 | Lair:1   | Reached skill level 1 in Shields
 12009 | Lair:1   | Reached skill level 1 in Evocations
 12009 | Lair:1   | Reached XP level 12. HP: 117/117 MP: 11/11
 12444 | Lair:1   | Lost mutation: You tend to lose your temper in combat.
                  | [evolution]
 13227 | Lair:2   | Found a staircase to the Swamp.
 14801 | Lair:3   | Found a hole to the Spider Nest.
 14827 | Lair:3   | Found a glowing silver altar of Zin.
 15279 | Lair:3   | Noticed Urug
 15294 | Lair:3   | Killed Urug
 16122 | Lair:4   | Reached XP level 13. HP: 117/125 MP: 15/15
 16457 | Lair:4   | Found a gate leading to a gauntlet.
 16462 | Gauntlet | Entered a Gauntlet
 16462 | Gauntlet | Found a transporter.
 16462 | Gauntlet | Found a transporter.
 16468 | Gauntlet | Found a transporter.
 16489 | Gauntlet | Found a transporter.
 16497 | Gauntlet | Found a transporter.
 16497 | Gauntlet | Found a transporter.
 16497 | Gauntlet | Found a transporter.
 16499 | Gauntlet | Found a transporter.
 16499 | Gauntlet | Found a transporter.
 16503 | Gauntlet | Found a runed translucent door.
 16510 | Gauntlet | Found a transporter.
 16527 | Gauntlet | Found a transporter.
 16529 | Gauntlet | Found a runed translucent door.
 16537 | Gauntlet | Found a transporter.
 16551 | Gauntlet | Found a transporter.
 16572 | Gauntlet | Found a transporter.
 16800 | Gauntlet | Reached skill level 15 in Fighting
 17073 | Gauntlet | Got a pair of ancient boots
 17084 | Gauntlet | Identified the cursed -5 pair of boots "Xuocil" {-Cast
                  | Str+4 Int+5} (You found it in a Gauntlet)
 17099 | Gauntlet | Noticed a minotaur
 17115 | Gauntlet | HP: 3/189 [minotaur/+0 short sword of protection (20)]
 17115 | Gauntlet | Mangled by a minotaur

Illustrated notes

Levels and vault maps discovered:
D:1:      lightli_arrival_farm, layout_basic, fountainhead
D:2:      layout_basic, uniq_terence, uniq_natasha
D:3:      layout_loops_corners, chequers_temple_overflow_statue_of_worship,
          kennysheep_potato
D:4:      layout_loops_cross, nemelex_xobeh_ov_fountains_minmay, first_ration,
          grunt_decor_fettered, okawaru_metal_pillars_3, uniq_edmund
D:5:      layout_loops_cross, old_standard_altar, old_standard_altar,
          minmay_temple_entry_statues_fountains, serial_shops, shop_fountains,
          uniq_sigmund
D:6:      layout_basic, basic_altar
D:7:      layout_loops_ring, ashenzari_altar_1, kennysheep_mini
D:8:      layout_basic, grunt_temple_overflow_growth_and_decay,
          lemuel_doored_altar, grunt_pizzeria, minmay_hollow_rounded_squares
D:9:      minmay_the_grid_four_pointed_star_mashed
          [minmay_the_grid_triangle_9x9_intruding_spiral,
          minmay_the_grid_triangle_9x9_odd_lines,
          minmay_the_grid_triangle_9x9_zippers_vertical,
          minmay_the_grid_triangle_9x9_descending_squares,
          minmay_the_grid_prize_trominoes], layout_loops_ring, orc_0_dummy,
          serial_shops, shop, shop, minivault_26, dk_rats_in_the_wall
D:10:     layout_loops_ring, due_lair_maze_entry_diamond, serial_bayou,
          serial_bayou_pond_b, serial_bayou_pond_b, serial_bayou_pond_e,
          serial_bayou_shore_b, xom_confusion_cloud, uniq_erolcha, uniq_snorg,
          uniq_gastronok, uniq_harold
Lair:1:   layout_chaotic_city, nicolae_lair_grove_arrangements,
          infiniplex_staircase_pool
Lair:2:   layout_cave_pods, minmay_swamp_entry_reptiles,
          minmay_lair_oklob_chamber
Lair:3:   layout_roguey, spider_nest_entry_web_field, basic_altar,
          serial_bayou_pond_e, st_stairs_10, hangedman_lair_unloving_vines,
          lemuel_another_geyser, lemuel_fruit_tree, uniq_urug
Lair:4:   layout_hall_layers, gauntlet_entry_generic
Gauntlet: gammafunk_gauntlet_mixed_choke_point
          [minmay_gauntlet_arena_77_block_sizes,
          minmay_gauntlet_arena_77_two_paths,
          minmay_gauntlet_arena_77_radiant_squares,
          gammafunk_gauntlet_arena_grid, minmay_gauntlet_arena_77_braids,
          minmay_gauntlet_arena_77_shame_cube, minmay_gauntlet_arena_77_mess,
          gauntlet_exit_watery]

Skill      XL: |  1  2  3  4  5  6  7  8  9 10 11 12 13 |
---------------+----------------------------------------+-----
Polearms       | 4 5 6 7 8 9 11 12 14 | 14.0
Fighting       | 7 9 12 14 15 | 15.1
Armour         | 6 9 11 13 14 | 14.9
Shields        | 1 4 |  4.0
Evocations     | 1 4 |  4.4
Dodging        | |  2.1

Action                   |  1- 3 |  4- 6 |  7- 9 | 10-12 | 13-15 || total
-------------------------+-------+-------+-------+-------+-------++-------
Melee: Spear             |    59 |   208 |   510 |   276 |       ||  1053
       Headbutt          |    11 |    27 |    39 |   122 |    20 ||   219
       Trident           |       |       |       |   565 |    99 ||   664
Invok: Berserk           |       |     2 |     2 |     4 |     2 ||    10
       Trog's Hand       |       |       |       |       |     1 ||     1
Evoke: Wand              |       |       |       |     1 |       ||     1
  Use: Potion            |     6 |     2 |     2 |     1 |       ||    11
       Scroll            |     4 |     4 |     7 |     9 |     1 ||    25
  Eat: Chunk             |     1 |     7 |    17 |    32 |     1 ||    58
       Ration            |       |     1 |       |     1 |     1 ||     3
Armor: Animal skin       |     2 |       |       |       |       ||     2
       Leather armour    |     1 |       |       |       |       ||     1
       Chain mail        |     1 |    64 |    16 |       |       ||    81
       Plate armour      |       |       |   140 |   286 |    25 ||   451
Dodge: Dodged            |    21 |    43 |    66 |   173 |    23 ||   326
Block: Buckler           |       |       |       |   108 |    16 ||   124
